 Dungeon Crawl Stone Soup version 0.28.0 (webtiles) character file.

Game seed: 11010929858707469467

39990 Illumine the Fighter (level 14, -4/106 HPs)
             Began as a Formicid Fighter on Feb 9, 2022.
             Was a High Priest of Hepliaklqana.
             Killed from afar by an electric eel (8 damage)
             ... with a bolt of electricity
             ... on level 6 of the Lair of Beasts.
             The game lasted 00:37:22 (17466 turns).

Illumine the Fighter (Formicid Fighter)            Turns: 17466, Time: 00:37:22

Health: -4/106     AC: 21    Str: 32    XL:     14   Next: 42%
Magic:  20/20      EV: 10    Int:  8    God:    Hepliaklqana [*****.]
Gold:   1614       SH: 11    Dex: 10    Spells: 13/13 levels left

rFire   + . .      SeeInvis +   a - +3 bardiche (venom)
rCold   . . .      Faith    .   c - +0 buckler
rNeg    . . .      Spirit   .   O - +0 plate armour
rPois   +          Reflect  +   (helmet unavailable)
rElec   .          Harm     .   r - +2 cloak {rPois}
rCorr   .          Rampage  .   z - +0 pair of gloves
Will    +....                   (no boots)
Stlth   ..........              o - amulet of reflection
HPRegen 0.27/turn               k - +6 ring of strength
MPRegen 0.17/turn               E - ring of protection from fire

@: studying 2 skills
A: reduced essence, permanent stasis, dig shafts and tunnels, antennae 3, four
strong arms
a: Dig, Shaft Self, Renounce Religion, Recall Ancestor, Ancestor Identity,
Transference, Idealise


You were on level 6 of the Lair of Beasts.
You worshipped Hepliaklqana.
Hepliaklqana was extremely pleased with you.
You visited 3 branches of the dungeon, and saw 18 of its levels.
You also visited: Bailey.

You collected 1901 gold pieces.
You spent 287 gold pieces at shops.

Inventory:

Hand Weapons
 a - a +3 bardiche of venom (weapon)
 b - a +0 arbalest
 p - the +5 falchion "Leata" {vorpal, *Slow rCorr Stlth+}
   (You found it on level 2 of the Lair of Beasts)

   It inflicts extra damage upon your enemies.
   rCorr:     It protects you from acid and corrosion.
   *Slow:     It may slow you when you take damage.
   Stlth:     It makes you more stealthy.
 q - a +0 hunting sling
 G - a +2 vorpal trident
Missiles
 N - 300 bolts
Armour
 c - a +0 buckler (worn)
 r - a +2 cloak of poison resistance (worn)
 z - a +0 pair of gloves (worn)
 O - a +0 plate armour (worn)
Jewellery
 k - a +6 ring of strength (left hand)
 o - an amulet of reflection (around neck)
 E - a ring of protection from fire (right hand)
 J - a +6 ring of intelligence
 P - a +4 ring of evasion
Wands
 m - a wand of mindburst (29)
 u - a wand of iceblast (16)
 x - a wand of flame (31)
 B - a wand of acid (1)
Scrolls
 f - 3 scrolls of holy word
 g - a scroll of brand weapon {unknown}
 h - a scroll of blinking {unknown}
 i - 3 scrolls of amnesia
 s - 5 scrolls of fear
 v - 2 scrolls of magic mapping
 w - a scroll of silence {unknown}
 y - 4 scrolls of fog
 A - 2 scrolls of noise {unknown}
 H - a scroll of vulnerability {unknown}
 K - 2 scrolls of enchant armour {unknown}
 L - a scroll of enchant weapon
 Q - a scroll of immolation {unknown}
Potions
 d - 3 potions of might
 e - 3 potions of flight
 j - 4 potions of curing
 l - 2 potions of magic {unknown}
 n - 2 potions of mutation
 t - a potion of resistance {unknown}
 C - 2 potions of attraction {unknown}
 D - 4 potions of heal wounds {unknown}
 F - 3 potions of ambrosia {unknown}
 I - 3 potions of haste {unknown}
 M - a potion of lignification {unknown}
 R - a potion of invisibility {unknown}
 S - a potion of brilliance


   Skills:
 + Level 13.4 Fighting
 + Level 12.6 Polearms
 + Level 8.4 Crossbows
 - Level 13.1 Armour
 - Level 5.4 Dodging
 - Level 10.0 Shields
 + Level 8.8 Invocations
 - Level 5.7 Evocations


You had 13 spell levels left.
You didn't know any spells.
Your spell library contained the following spells:

 Spells                   Type           Power      Damage    Failure   Level
 Animate Skeleton         Necr           0%         N/A       95%         1
 Pain                     Necr           0%         1d4       95%         1
 Shock                    Conj/Air       0%         1d3       95%         1
 Scorch                   Fire           0%         2d5       99%         2
 Confusing Touch          Hex            0%         N/A       100%        3
 Ignite Poison            Fire/Tmut/Pois 0%         N/A       100%        3
 Inner Flame              Hex/Fire       0%         N/A       100%        3
 Mephitic Cloud           Conj/Pois/Air  0%         N/A       100%        3
 Stone Arrow              Conj/Erth      0%         3d7       100%        3
 Vampiric Draining        Necr           0%         2d6       100%        3
 Airstrike                Air            0%         N/A       100%        4
 Animate Armour           Summ/Erth      0%         N/A       100%        4
 Cause Fear               Hex            0%         N/A       100%        4
 Flame Wave               Conj/Fire      0%         2d4       100%        4
 Blade Hands              Tmut           0%         N/A       100%        5
 Freezing Cloud           Conj/Ice/Air   0%         6-21      100%        5
 Manifold Assault         Tloc           0%         N/A       100%        5
 Yara's Violent Unravell  Hex/Tmut       0%         3d3       100%        5
 Iron Shot                Conj/Erth      0%         9d1       100%        6
 Summon Cactus Giant      Summ           0%         N/A       100%        6
 Enfeeble                 Hex            0%         N/A       100%        7
 Storm Form               Tmut/Air       0%         N/A       100%        7
 Discord                  Hex            0%         N/A       100%        8
 Lehudib's Crystal Spear  Conj/Erth      0%         10d2      100%        8
 Blink                    Tloc           Unusable   N/A       N/A         2
 Swiftness                Air            Unusable   N/A       N/A         3

Dungeon Overview and Level Annotations

Branches:
Dungeon (11/15)            Temple (1/1) D:5            Lair (6/6) D:10
 Shoals (0/4) Lair:3       Spider (0/4) Lair:4        Slime (0/5) Lair:6
 Bailey (visited)
    Orc: D:9-12

Altars:
Ashenzari
Dithmenos
Elyvilon
Fedhas
Hepliaklqana
Kikubaaqudgha
Nemelex Xobeh
Qazlal
Trog
Uskayaw
Vehumet
Xom
The Shining One
Jiyva

Shops:
D:2 !(*?(   D:9 *   D:10 ([

Annotations:
D:10 2 transporters, da312102's ghost, weakling DsDe


Innate Abilities, Weirdness & Mutations

Your life essence is reduced to manifest your ancestor. (-10% HP)
You cannot be hasted, slowed, berserked, paralysed or teleported.
You can dig through walls and to a lower floor.
You have a pair of large antennae on your head. (SInv)
Your four strong arms can wield two-handed weapons with a shield.


Message History

* * * LOW HITPOINT WARNING * * *
The electric eel shoots out a bolt of lightning at you!
The bolt of electricity hits Adaddario!
Adaddario is destroyed!
The bolt of electricity hits you.
* * * LOW HITPOINT WARNING * * *
The electric eel shoots out a bolt of lightning at you!
The bolt of electricity misses you. The basilisk gazes at you.
You resist with almost no effort.
You slash the electric eel!
You kill the electric eel!
You hear a splash.
The electric eel shoots out a bolt of lightning at you!
The bolt of electricity hits you!
* * * LOW HITPOINT WARNING * * *
The electric eel shoots out a bolt of lightning at you!
The bolt of electricity hits you!
* * * LOW HITPOINT WARNING * * *
Okay, then.
Okay, then.
Okay, then.
Okay, then.
Okay, then.
Okay, then.
Okay, then.
Okay, then.
Aiming: Iceblast
Press: ? - help, Shift-Dir - straight line, f - basilisk
Aim: a basilisk The mass of ice explodes!
The iceblast engulfs the basilisk!
The basilisk is heavily wounded.
The iceblast engulfs the electric eel!
The electric eel is severely wounded.
The iceblast engulfs the electric eel!
You kill the electric eel!
You hear a splash.
You hear an angry hiss.
You hear an angry growl.
The electric eel shoots out a bolt of lightning at you!
The bolt of electricity hits you!
You die...

.#....#..#####PP...#..##
#.......#..........##.##
#.....##.....#.........#
##......................
.......##....#..........
.......#................
#.#...####P........$....
###.....##...........≈..
##.......##.....@S≈≈≈...
.#..............≈≈l(≈≈≈≈
................≈≈≈...$≈
.................≈≈≈.)≈≈
..................≈≈<≈≈.
...................≈≈≈..
........................
........................
..8..............


You could see a basilisk and an electric eel.

Vanquished Creatures
  A boulder beetle (D:11)
  2 hydras (Lair:3)
  Sonja (Lair:4)
  Pikel (D:6)
  A deep elf pyromancer (D:8)
  A manticore (Lair:6)
  9 elephants
  A black mamba (Lair:3)
  3 cane toads
  2 rime drakes
  4 komodo dragons
  A troll (D:9)
  2 polar bears
  Grinder (D:5)
  A dream sheep (Lair:5)
  13 blink frogs
  A snapping turtle (Lair:3)
  A shadow (D:10)
  29 yaks
  A spriggan (Lair:5)
  7 wyverns
  A basilisk (Lair:3)
  A redback (Lair:4)
  9 water moccasins
  12 orc warriors
  5 black bears
  2 sky beasts
  An ice beast (D:7)
  2 ogres (D:6)
  2 centaurs
  2 necrophages
  20 wolves
  A phantom (D:6)
  2 lemures (D:6)
  A kobold brigand (D:8)
  8 bullfrogs
  2 water moccasin zombies
  A scorpion (D:10)
  A wyvern skeleton (D:6)
  6 killer bees (D:7)
  2 electric eels (Lair:6)
  2 wights (D:7)
  A bullfrog zombie (D:6)
  2 lava snakes (D:10)
  6 centaur zombies
  5 hounds
  4 bullfrog skeletons
  3 orc priests
  2 centaur skeletons
  2 jellies
  Crazy Yiuf (D:3)
  A gnoll shaman (D:6)
  Jessica (D:3)
  3 iguanas
  Ijyb (D:3)
  5 orc wizards
  Terence (D:3)
  3 killer bee zombies
  A howler monkey zombie (D:7)
  5 gnolls (D:6)
  A howler monkey skeleton (D:7)
  8 adders
  3 white imps
  3 dart slugs
  27 orcs
  12 ball pythons
  5 bats
  7 endoplasms
  5 giant cockroaches
  4 hobgoblins (D:2)
  2 jackals (D:1)
  8 kobolds
  7 quokkas
  3 frilled lizards
  12 goblins
  11 rats
331 creatures vanquished.

Vanquished Creatures (collateral kills)
  Gastronok (Lair:1)
  A hydra (Lair:5)
  A catoblepas (Lair:3)
  An orc knight (Bailey)
  5 elephants
  A black mamba (Lair:3)
  A torpor snail (Lair:5)
  5 cane toads
  A rime drake (Lair:4)
  2 komodo dragons
  4 blink frogs
  A dream sheep (Lair:5)
  Sigmund (D:5)
  13 yaks
  2 basilisks
  A steam dragon (D:3)
  6 water moccasins
  An ice beast (D:7)
  4 orc warriors
  12 wolves
  2 bullfrogs
  3 killer bees (D:9)
  3 wights
  A centaur zombie (D:8)
  A hound (D:7)
  2 orc priests (D:9)
  2 orc wizards
  A killer bee zombie (D:7)
  2 howler monkey zombies
  A shadow imp (D:8)
  8 orcs
  3 goblins (D:9)
  3 kobolds (D:8)
96 creatures vanquished.

Vanquished Creatures (others)
  2 ancestors (D:7)
  6 knights
  An orc (D:9)
  A goblin (D:3)
  18 fungi
  33 plants
61 creatures vanquished.

Grand Total: 488 creatures vanquished

Notes
Turn   | Place    | Note
-------+----------+-------------------------------------------
     0 | D:1      | Illumine the Formicid Fighter began the quest for the Orb.
     0 | D:1      | Reached XP level 1. HP: 18/18 MP: 1/1
    91 | D:1      | Reached XP level 2. HP: 16/24 MP: 2/2
   329 | D:1      | Reached XP level 3. HP: 29/29 MP: 3/3
   486 | D:1      | Found a faded altar of an unknown god.
   706 | D:2      | Found Ytwi's Assorted Antiques.
   829 | D:2      | Found Woxted's Magic Scroll Emporium.
   838 | D:2      | Bought a scroll of identify for 20 gold pieces
   848 | D:2      | Reached XP level 4. HP: 35/35 MP: 4/4
  1062 | D:2      | Found Ehulouj's Antique Weapon Emporium.
  1135 | D:2      | Found Becoukie's Weapon Shop.
  1138 | D:2      | Found Xioss's Distillery.
  1283 | D:2      | Bought a potion of curing for 42 gold pieces
  1452 | D:3      | Noticed Ijyb
  1462 | D:3      | Killed Ijyb
  1463 | D:3      | Reached XP level 5. HP: 29/41 MP: 5/5
  1747 | D:3      | Noticed a steam dragon
  1983 | D:4      | Noticed a necrophage
  1988 | D:4      | Killed a necrophage
  1989 | D:4      | Reached skill level 5 in Shields
  1989 | D:4      | Reached XP level 6. HP: 47/47 MP: 6/6
  2045 | D:4      | Reached skill level 5 in Polearms
  2204 | D:4      | Found an ancient bone altar of Kikubaaqudgha.
  2293 | D:4      | Found a sparkling altar of Nemelex Xobeh.
  2293 | D:4      | Found a radiant altar of Vehumet.
  2512 | D:4      | Found a bloodstained altar of Trog.
  2629 | D:5      | Entered Level 5 of the Dungeon
  2629 | D:5      | Noticed Grinder
  2663 | D:5      | Noticed a sky beast
  2687 | D:5      | Killed a sky beast
  2688 | D:5      | Reached XP level 7. HP: 38/54 MP: 7/7
  2801 | D:5      | Found a staircase to the Ecumenical Temple.
  2818 | Temple   | Entered the Ecumenical Temple
  2872 | Temple   | Became a worshipper of Hepliaklqana the Forgotten
  2954 | D:5      | Killed Grinder
  3040 | D:5      | Noticed Sigmund
  3106 | D:6      | Reached XP level 8. HP: 61/61 MP: 8/8
  3282 | D:6      | Found a blossoming altar of Fedhas.
  3345 | D:6      | Reached skill level 5 in Fighting
  3345 | D:6      | Reached skill level 5 in Armour
  3397 | D:6      | Reached skill level 1 in Invocations
  3631 | D:6      | Noticed Pikel
  3635 | D:6      | Killed Pikel
  3636 | D:6      | Reached XP level 9. HP: 60/69 MP: 9/11
  5036 | D:7      | Reached XP level 10. HP: 77/77 MP: 12/12
  5043 | D:7      | Reached * piety under Hepliaklqana
  5049 | D:7      | Found a stormy altar of Qazlal.
  5512 | D:7      | Reached skill level 1 in Evocations
  5566 | D:7      | Reached skill level 1 in Dodging
  6077 | D:5      | Killed Sigmund
  6174 | D:2      | Bought an embroidered cloak for 225 gold pieces
  6450 | D:3      | Noticed Jessica
  6454 | D:3      | Killed Jessica
  6587 | D:3      | Noticed Terence
  6591 | D:3      | Killed Terence
  6598 | D:3      | Found a runed translucent door.
  6599 | D:3      | Noticed Crazy Yiuf
  6606 | D:3      | Killed Crazy Yiuf
  6771 | D:5      | Reached ** piety under Hepliaklqana
  6772 | D:5      | Remembered your ancestor Adaddario as a knight
  7227 | D:7      | You fall into a shaft and drop 1 floor!
  7318 | D:8      | Found a hide-covered altar of Uskayaw.
  7743 | D:8      | Noticed a deep elf pyromancer
  7747 | D:8      | Killed a deep elf pyromancer
  7748 | D:8      | Reached skill level 10 in Polearms
  7999 | D:8      | Found a shadowy altar of Dithmenos.
  8044 | D:8      | Reached *** piety under Hepliaklqana
  8224 | D:9      | Reached XP level 11. HP: 68/76 MP: 13/13
  8405 | D:9      | Found a flagged portal.
  8410 | Bailey   | Entered a bailey
  8556 | Bailey   | Reached skill level 1 in Crossbows
  8965 | Bailey   | Noticed an orc knight
  8984 | Bailey   | HP: 3/77 [orc knight (8)]
  8984 | Bailey   | Killed an orc knight
  9001 | Bailey   | Acquired 1032 gold pieces
  9003 | Bailey   | Acquired a manual of Armour
  9425 | D:9      | Found a white marble altar of Elyvilon.
  9455 | D:9      | Found a shimmering altar of Xom.
  9456 | D:9      | Found a shimmering altar of Xom.
  9457 | D:9      | Found a shimmering altar of Xom.
  9457 | D:9      | Found a shimmering altar of Xom.
  9465 | D:9      | Found a shimmering altar of Xom.
  9470 | D:9      | Found Wuwunuymn's General Store.
  9493 | D:9      | Found a shimmering altar of Xom.
  9518 | D:9      | Found a glowing golden altar of the Shining One.
 10275 | D:10     | Entered Level 10 of the Dungeon
 10276 | D:10     | Found a transporter.
 10277 | D:10     | Noticed a white ugly thing
 10277 | D:10     | Noticed da312102's ghost (weakling DsDe)
 10278 | D:10     | Noticed a wolf spider
 10280 | D:10     | Found a transporter.
 10280 | D:10     | Noticed a boulder beetle
 10314 | D:10     | Found a broken altar of Ashenzari.
 10491 | D:10     | Found a staircase to the Lair.
 10496 | D:10     | Reached skill level 5 in Invocations
 10593 | D:10     | Found Umyjeffo's Armour Shop.
 10854 | D:10     | Reached **** piety under Hepliaklqana
 10868 | D:10     | Reached XP level 12. HP: 85/85 MP: 15/15
 11096 | D:10     | Found Pylorur's Weapon Shoppe.
 11112 | D:11     | Noticed a boulder beetle
 11123 | D:11     | Killed a boulder beetle
 11124 | D:11     | Reached skill level 5 in Evocations
 11355 | Lair:1   | Entered Level 1 of the Lair of Beasts
 11530 | Lair:1   | Noticed Gastronok
 11552 | Lair:1   | Killed Gastronok
 11753 | Lair:1   | Reached skill level 5 in Crossbows
 12567 | Lair:2   | Noticed a spriggan rider
 12677 | Lair:2   | Reached skill level 10 in Armour
 13071 | Lair:2   | Reached skill level 10 in Fighting
 13079 | Lair:2   | Identified the +5 falchion "Leata" {vorpal, *Slow rCorr
                  | Stlth+}
 13456 | Lair:3   | Noticed a seven-headed hydra
 13465 | Lair:3   | Killed a seven-headed hydra
 13672 | Lair:3   | Noticed an eight-headed hydra
 13688 | Lair:3   | Killed an eight-headed hydra
 13689 | Lair:3   | Reached XP level 13. HP: 59/93 MP: 17/17
 14266 | Lair:3   | Reached ***** piety under Hepliaklqana
 14387 | Lair:3   | Found a staircase to the Shoals.
 14391 | Lair:3   | Reached skill level 10 in Shields
 14589 | Lair:3   | Noticed a catoblepas
 14597 | Lair:3   | Killed a catoblepas
 15099 | Lair:4   | Found a hole to the Spider Nest.
 15117 | Lair:4   | Noticed Sonja
 15127 | Lair:4   | Killed Sonja
 16033 | Lair:5   | Noticed an eight-headed hydra
 16038 | Lair:5   | Killed an eight-headed hydra
 16061 | Lair:5   | Reached skill level 5 in Dodging
 16279 | Lair:5   | Reached XP level 14. HP: 104/104 MP: 19/19
 16758 | Lair:6   | Entered Level 6 of the Lair of Beasts
 16768 | Lair:6   | Found a viscous altar of Jiyva.
 16769 | Lair:6   | Found a staircase to the Slime Pits.
 17465 | Lair:6   | HP: 4/106 [electric eel/bolt of electricity (10)]
 17466 | Lair:6   | Killed from afar by an electric eel

Illustrated notes

Levels and vault maps discovered:
D:1:      erik_arrival_cave_to_civilisation [erik_arrival_cave_to_hall],
          layout_basic, nicolae_ecumenical_snake_handling
D:2:      minmay_diamond_boxcup, layout_basic, serial_shops,
          nicolae_shop_waterfront, shop, nicolae_shop_hallway_stairs, shop,
          shop_fountains, chequers_decorated_corner
D:3:      layout_loops_ring, uniq_jessica, uniq_crazy_yiuf_cottage, uniq_ijyb,
          uniq_terence
D:4:      layout_gridville, mainiacjoe_overflow_surrounded_room,
          gammafunk_temple_overflow_wave, kennysheep_flooded_box
D:5:      layout_rooms, minmay_temple_entry_glassed_door, uniq_grinder,
          uniq_sigmund
D:6:      minmay_thinvault, layout_basic, mainiacjoe_overflow_alcove_1,
          minmay_diced_spiral, uniq_pikel
D:7:      minmay_skewed_foursquare, layout_gridville,
          nicolae_qazlal_style_of_elements
D:8:      layout_loops_cross, nicolae_uskayaw_murder_on_the_dancefloor,
          mainiacjoe_overflow_boulevard, grunt_ministairs_7,
          guppyfry_early_elven_hall
D:9:      layout_basic, kennysheep_mini, nicolae_elyvilon_peaceful_grove,
          xom_shifter_show, enter_bailey_3, serial_shops, shop_statue
D:10:     layout_irregular_city, cheibrodos_ashenzari_chains,
          minmay_lair_entry_grove, gammafunk_ghost_arena, serial_shops,
          nicolae_shop_advertising_works [nicolae_subvault_shop_adworks], shop,
          kennysheep_small_spiral, lemuel_old_faithful
D:11:     layout_long_grid, minmay_orc_entry_temple_small, enter_trove_3,
          chequers_guarded_unrand_ignorance
Temple:   minmay_temple_curvy_loop
Lair:1:   layout_layer_cave, uniq_gastronok
Lair:2:   lemuel_ratsnest, layout_regular_city, chequers_serial_rivers_small_3,
          grunt_forest_large_clearings
Lair:3:   layout_chaotic_city, minmay_shoals_entry_hut
Lair:4:   layout_misc_corridors, spider_nest_entry_rubble, serial_bayou_shore_a,
          uniq_sonja
Lair:5:   layout_small_grid, forest_entry_grove, lemuel_fruit_fields,
          grunt_megastairs_5, infiniplex_staircase_pool_2
Lair:6:   evilmike_catoblepas_cave, layout_regular_city, slime_altar_1,
          minivault_24, disabler_island

Skill      XL: |  1  2  3  4  5  6  7  8  9 10 11 12 13 14 |
---------------+-------------------------------------------+-----
Shields        | 4 5 6 7 8 9 10 | 10.0
Polearms       | 3 4 5 6 8 9 10 11 12 | 12.6
Fighting       | 4 5 6 7 9 10 12 13 | 13.4
Armour         | 4 5 6 7 9 10 12 13 | 13.1
Invocations    | 3 5 7 8 |  8.8
Evocations     | 3 4 5 |  5.7
Dodging        | 2 3 5 |  5.4
Crossbows      | 4 6 7 8 |  8.4

Action                   |  1- 3 |  4- 6 |  7- 9 | 10-12 | 13-15 || total
-------------------------+-------+-------+-------+-------+-------++-------
Melee: Trident           |    89 |   145 |   251 |    74 |     1 ||   560
       Halberd           |       |       |       |   155 |       ||   155
       Bardiche          |       |       |       |   193 |   252 ||   445
 Fire: Arbalest          |       |       |       |    50 |    26 ||    76
Invok: Recall Ancestor   |       |       |       |     3 |     1 ||     4
       Ancestor Life: Kn |       |       |       |     1 |       ||     1
       Ancestor Identity |       |       |       |     1 |       ||     1
       Transference      |       |       |       |     1 |       ||     1
       Idealise          |       |       |       |     1 |       ||     1
 Abil: Dig               |       |       |       |     3 |       ||     3
Evoke: Wand              |       |       |       |     8 |     5 ||    13
  Use: Scroll            |     1 |     2 |       |    10 |     2 ||    15
       Potion            |       |       |     1 |     1 |       ||     2
 Stab: Distracted        |       |       |       |     2 |     1 ||     3
       Paralysed         |       |       |       |       |     2 ||     2
Armor: Scale mail        |    35 |    42 |    73 |    47 |       ||   197
       Plate armour      |       |       |       |   135 |   121 ||   256
Dodge: Dodged            |    36 |    48 |    44 |   170 |    77 ||   375
Block: Buckler           |    13 |    48 |    91 |   254 |   105 ||   511
       Reflection        |       |       |     1 |    17 |     1 ||    19
